AoeStats
← imoamce

Migration

509758219Analyzed
1v1 RM · 3d ago on Sep 27, 2026· 65m 27s· 2 players
Game mode
Random Map
Map size
132×132
Population
200
Speed
Normal
Resources
Standard
Victory
Conquest
Starting age
Dark Age
Ending age
Imperial Age
RankedLock teamsTeams togetherTeam positionsShared explorationLock speedFull tech treeHidden civsTurbo modeCheats
Victory
Defeat
🇦🇷 Portuguese · Argentina
222
+13
🇲🇽 Bengalis · Mexico
148
-13
imoamce
0:36 Loom
21:14 Feudal Age
21:45 Man-at-Arms
23:05 Arson
25:47 Wheelbarrow
24:59 Town Watch
25:56 Double-Bit Axe
26:08 Horse Collar
33:55 Castle Age
33:44 Forging
33:25 Fletching
33:51 Fishing Lines
35:16 Medium Warships
36:42 Hand Cart
36:28 Town Patrol
39:26 Gillnets
49:36 Ballistics
49:29 Careening
49:51 Heavy Plow
55:56 Imperial Age
MAGICO
13:59 Feudal Age
14:56 Horse Collar
16:44 Double-Bit Axe
20:06 Castle Age
23:43 Bow Saw
25:15 Gold Mining
31:24 Stone Mining
39:38 Imperial Age
37:57 Scale Barding Armor
38:12 Man-at-Arms
38:38 Arson
40:33 Long Swordsman
42:13 Husbandry
45:16 Chemistry
46:18 Murder Holes
49:50 Two-Handed Swordsman
53:06 Two-Man Saw
53:23 Stone Shaft Mining
53:40 Ballistics
55:45 Elite Cannon Galleon
62:52 Cavalier
64:18 Bombard Tower
Connection lost

Rejoining the realm…

Still unreachable

The connection could not be restored.

Session expired

The server has moved on; the page needs a fresh start.